 Dungeon Crawl Stone Soup version 0.31-a0-152-g6aa68a64a1 (webtiles) character file.

Game seed: 3348311093031681010

12763 qw the Skirmisher (level 11, -3/108 HPs)
             Began as a Naga Hunter on June 10, 2023.
             Was a Priest of Okawaru.
             Slain by a death yak (19 damage)
             ... on level 10 of the Dungeon.
             The game lasted 00:04:19 (9842 turns).

qw the Skirmisher (Naga Hunter)                     Turns: 9842, Time: 00:04:20

Health: -3/108     AC: 15    Str: 14    XL:     11   Next: 98%
Magic:  12/14      EV: 18    Int: 10    God:    Okawaru [***...]
Gold:   771        SH:  5    Dex: 24    Spells: 10/10 levels left

rFire   + . .        Y - +1 orcbow
rCold   + . .        (shield currently unavailable)
rNeg    . . .        e - +0 troll leather armour
rPois   +            h - +0 helmet
rElec   .            q - scarf {rC+ rF+}
rCorr   .            m - +2 pair of gloves {hurl}
SInv    +            (no barding)
Will    +....        n - amulet of reflection
Stlth   ++++         d - +6 ring of dexterity
HPRegen 1.18/turn    r - +4 ring of protection
MPRegen 0.14/turn

%: reflection
@: short of breath, heroic, very slow
A: AC +3, large, see invisible, deformed body, poison resistance, slowness 2,
spit poison 1, naga tail 1
a: Spit Poison, Renounce Religion, Heroism


You were on level 10 of the Dungeon.
You worshipped Okawaru.
Okawaru was most pleased with you.
You visited 2 branches of the dungeon, and saw 11 of its levels.

You collected 834 gold pieces.
You spent 63 gold pieces at shops.


Innate Abilities, Weirdness & Mutations

Your serpentine skin is tough. (AC +3)
You have supernaturally acute eyesight. (SInv)
Armour fits poorly on your strangely shaped body.
Your system is resistant to poisons. (rPois)
You cover ground very slowly.
You can spit poison.
You have a snake-like lower body.


   Skills:
 - Level 10.0(15.0) Fighting
 + Level 14.1(19.1) Ranged Weapons
 - Level 3.0(8.0) Armour
 - Level 6.0(11.0) Dodging
 - Level 1.5(6.5) Stealth
 - Level 4.4 Invocations


You had 10 spell levels left.
You didn't know any spells.
Your spell library was empty.

Inventory:

Hand Weapons
 Y - a +1 orcbow (weapon)
Armour
 e - a +0 troll leather armour (worn)
 f - a +0 cloak
 h - a +0 helmet (worn)
 m - a +2 pair of gloves of hurling (worn)
 q - a scarf of resistance (worn)
Jewellery
 b - a ring of protection from fire
 d - a +6 ring of dexterity (left hand)
 n - an amulet of reflection (around neck)
 r - a +4 ring of protection (right hand)
Wands
 i - a wand of digging (10)
Scrolls
 a - 4 scrolls of identify
Potions
 g - 3 potions of haste
 j - 2 potions of might
 k - 2 potions of mutation
 l - a potion of magic
 p - a potion of cancellation

Dungeon Overview and Level Annotations

Branches:
Dungeon (10/15)            Temple (0/1) D:6            Lair (1/5) D:10
    Orc (0/2) D:9

Altars:
Ashenzari
Cheibriados
Elyvilon
Gozag
Makhleb
Nemelex Xobeh
Okawaru
Ru
Uskayaw
Vehumet
Wu Jian
Zin

Shops:
D:4 [

Annotations:
D:2 1 runed translucent door, Crazy Yiuf


Message History

The death yak completely misses you. The death yak gores you!
9838 ||| STAIRDANCE The death yak closely misses you.
The blink frog blinks!
You block the death yak's attack. The death yak misses you.
You climb upwards.
Welcome back to the Dungeon!
You feel like a meek peon again.
There is a staircase to the Lair here.
Enter note:
Enter note:
Enter note:
Enter note:
Enter note:
Enter note:
Enter note:
Enter note:
Enter note:
Enter note:
Enter note:
Enter note:
Enter note:
Enter note:
Enter note:
Enter note:
Enter note:
Enter note:
Enter note:
Enter note:
9840 ||| INVOKING Heroism.
You gain the combat prowess of a mighty hero.
You can no longer speed up your combat.
The death yak gores you! The death yak misses you.
The death yak closely misses you. The death yak completely misses you.
You shoot an arrow. The arrow hits the death yak!!
The death yak is almost dead.
The death yak gores you!! The death yak misses you.
The death yak gores you but does no damage. x2
You shoot an arrow. The arrow barely misses the death yak.
The death yak misses you. You block the death yak's attack.
The death yak gores you!!
You die...

##...#.....................
##.###....................
#.####...................
##.#.....................
#...........#...........
##......................
#.#..#.................
#...#.Y....#.......##..
##...Y@Y...#.......#...
##.....Y...###.###.....
##....#......##.........
#......#........##......
##.......#..###.#.......
##........#..###.........
###...#........##..........
#.....##....#####..........
##....#.#....####..........


You could see 4 death yaks.

Vanquished Creatures
  3 death yaks (D:10)
  Pikel (D:5)
  A deep elf pyromancer (D:8)
  A cyclops (D:7)
  A komodo dragon (Lair:1)
  A troll (D:10)
  Sigmund (D:6)
  A vampire (D:7)
  13 yaks (D:10)
  4 wyverns
  Eustachio (D:6)
  3 steam dragons
  A warg (D:9)
  Edmund (D:6)
  2 water moccasins
  7 orc warriors
  3 ice beasts
  Duvessa (D:4)
  A sky beast (D:7)
  3 black bears
  5 ogres
  3 lemures (D:5)
  5 centaurs
  7 kobold brigands
  2 phantoms
  3 bullfrogs
  4 scorpions
  A gnoll sergeant (D:6)
  9 wights
  Dowan (D:4)
  9 killer bees
  3 howler monkeys (D:9)
  2 jellies
  9 orc priests
  A gnoll bouda (D:6)
  7 hounds
  2 iguanas (D:5)
  Jessica (D:3)
  Terence (D:3)
  7 orc wizards
  A mummy (D:7)
  Robin (D:2)
  7 gnolls (D:6)
  10 adders
  2 shadow imps
  2 white imps (D:7)
  An ufetubus (D:7)
  A worm (D:2)
  5 dart slugs
  52 orcs
  5 bats
  5 endoplasms
  2 giant cockroaches
  21 goblins
  6 hobgoblins
  4 quokkas
  6 ball pythons
  2 frilled lizards
  29 kobolds
  4 rats
298 creatures vanquished.

Notes
Turn   | Place    | Note
-------+----------+-------------------------------------------
     0 | D:1      | qw the Naga Hunter began the quest for the Orb.
     0 | D:1      | Reached XP level 1. HP: 19/19 MP: 1/1
     0 | D:1      | 0 ||| qw: Version: 0.2-a-29-g767f381
     0 | D:1      | 0 ||| qw: Game counter: 3875
     0 | D:1      | 0 ||| qw: Always use a shield: true
     0 | D:1      | 0 ||| qw: God list: Okawaru
     0 | D:1      | 0 ||| qw: Allow faded altars: false
     0 | D:1      | 0 ||| qw: Do Orc after D:15 true
     0 | D:1      | 0 ||| qw: Do second Lair branch before Depths: true
     0 | D:1      | 0 ||| qw: Lair rune preference: random
     0 | D:1      | 0 ||| qw: Plans: Normal
     0 | D:1      | 0 ||| PLANNING D:1-11
    19 | D:1      | 19 ||| INVOKING Spit Poison.
   125 | D:1      | 125 ||| INVOKING Spit Poison.
   157 | D:1      | Found a faded altar of an unknown god.
   264 | D:1      | 264 ||| INVOKING Spit Poison.
   298 | D:1      | 298 ||| INVOKING Spit Poison.
   299 | D:1      | Reached skill level 4 in Ranged Weapons
   299 | D:1      | Reached XP level 2. HP: 26/26 MP: 2/2
   307 | D:1      | 307 ||| INVOKING Spit Poison.
   318 | D:1      | 318 ||| INVOKING Spit Poison.
   442 | D:1      | 442 ||| INVOKING Spit Poison.
   461 | D:1      | 461 ||| INVOKING Spit Poison.
   513 | D:1      | 513 ||| INVOKING Spit Poison.
   568 | D:1      | 568 ||| INVOKING Spit Poison.
   571 | D:1      | 571 ||| INVOKING Spit Poison.
   851 | D:1      | 851 ||| INVOKING Spit Poison.
   921 | D:1      | 921 ||| INVOKING Spit Poison.
   923 | D:1      | Reached XP level 3. HP: 32/32 MP: 3/3
  1048 | D:1      | 1048 ||| DROPPING amulet of magic regeneration.
  1049 | D:1      | 1049 ||| UPGRADING to +6 ring of dexterity.
  1050 | D:1      | 1050 ||| UPGRADING to ring of protection from fire.
  1051 | D:1      | 1051 ||| READING 2 scrolls labelled EKEDGH UPHYIK.
  1052 | D:1      | 1052 ||| READING scroll labelled BIETYG HUPNEOR.
  1053 | D:1      | 1053 ||| READING scroll labelled HOGRUIMOEGG.
  1054 | D:1      | 1054 ||| READING scroll labelled PEACHU DO PIQ.
  1055 | D:1      | 1055 ||| READING scroll labelled WADGHE ZUUNNYO.
  1056 | D:1      | 1056 ||| DRINKING 2 fuming yellow potions.
  1056 | D:1      | Reached skill level 10 in Ranged Weapons
  1056 | D:1      | Reached XP level 4. HP: 39/39 MP: 4/4
  1057 | D:1      | 1057 ||| DRINKING potion of experience.
  1057 | D:1      | Reached skill level 9 in Fighting
  1057 | D:1      | Reached XP level 5. HP: 62/62 MP: 5/5
  1058 | D:1      | 1058 ||| DROPPING scroll of butterflies.
  1176 | D:2      | 1176 ||| INVOKING Spit Poison.
  1207 | D:2      | 1207 ||| INVOKING Spit Poison.
  1411 | D:2      | Noticed Robin
  1412 | D:2      | 1412 ||| INVOKING Spit Poison.
  1418 | D:2      | 1418 ||| Stepping ~*~*~tactically~*~*~ (outnumbered).
  1420 | D:2      | 1420 ||| INVOKING Spit Poison.
  1423 | D:2      | 1423 ||| INVOKING Spit Poison.
  1427 | D:2      | 1427 ||| INVOKING Spit Poison.
  1430 | D:2      | Killed Robin
  1536 | D:2      | 1536 ||| INVOKING Spit Poison.
  1592 | D:2      | 1592 ||| INVOKING Spit Poison.
  1637 | D:2      | 1637 ||| INVOKING Spit Poison.
  1641 | D:2      | 1641 ||| INVOKING Spit Poison.
  1690 | D:2      | 1690 ||| INVOKING Spit Poison.
  1709 | D:2      | 1709 ||| INVOKING Spit Poison.
  1720 | D:2      | 1720 ||| INVOKING Spit Poison.
  1727 | D:2      | 1727 ||| INVOKING Spit Poison.
  1971 | D:2      | Found a runed translucent door.
  1972 | D:2      | Noticed Crazy Yiuf
  1975 | D:2      | 1975 ||| UPGRADING to +0 helmet.
  1980 | D:2      | 1980 ||| READING scroll labelled GOURGH HUIT.
  1981 | D:2      | 1981 ||| READING scroll labelled HURCHO XUMEKK.
  1982 | D:2      | 1982 ||| DRINKING 2 fizzy amethyst potions.
  2018 | D:2      | 2018 ||| READING 4 scrolls of identify.
  2018 | D:2      | 2018 ||| IDENTIFYING lumpy grey potion
  2019 | D:2      | 2019 ||| READING 3 scrolls of identify.
  2019 | D:2      | 2019 ||| IDENTIFYING purple potion
  2020 | D:2      | 2020 ||| READING 2 scrolls of identify.
  2020 | D:2      | 2020 ||| IDENTIFYING puce potion
  2021 | D:2      | 2021 ||| DROPPING potion of lignification.
  2119 | D:3      | 2119 ||| INVOKING Spit Poison.
  2124 | D:3      | 2124 ||| INVOKING Spit Poison.
  2225 | D:3      | 2225 ||| INVOKING Spit Poison.
  2229 | D:3      | 2229 ||| INVOKING Spit Poison.
  2237 | D:3      | Found an iron altar of Okawaru.
  2238 | D:3      | 2238 ||| PLANNING OKAWARU WORSHIP
  2238 | D:3      | Found a radiant altar of Vehumet.
  2239 | D:3      | Found a glowing silver altar of Zin.
  2245 | D:3      | Became a worshipper of Warmaster Okawaru
  2245 | D:3      | 2245 ||| PLANNING D:1-11
  2266 | D:3      | Found a burning altar of Makhleb.
  2329 | D:3      | Found a sacrificial altar of Ru.
  2406 | D:3      | Found a sparkling altar of Nemelex Xobeh.
  2408 | D:3      | 2408 ||| INVOKING Spit Poison.
  2448 | D:3      | Noticed Terence
  2450 | D:3      | 2450 ||| INVOKING Spit Poison.
  2454 | D:3      | Killed Terence
  2455 | D:3      | Reached XP level 6. HP: 70/70 MP: 6/6
  2507 | D:3      | 2507 ||| INVOKING Spit Poison.
  2511 | D:3      | 2511 ||| INVOKING Spit Poison.
  2563 | D:3      | 2563 ||| INVOKING Spit Poison.
  2571 | D:3      | 2571 ||| Stepping ~*~*~tactically~*~*~ (outnumbered).
  2572 | D:3      | 2572 ||| INVOKING Spit Poison.
  2573 | D:3      | 2573 ||| INVOKING Spit Poison.
  2577 | D:3      | 2577 ||| INVOKING Spit Poison.
  2675 | D:3      | Noticed Jessica
  2676 | D:3      | 2676 ||| INVOKING Spit Poison.
  2679 | D:3      | Killed Jessica
  2705 | D:3      | 2705 ||| INVOKING Spit Poison.
  2709 | D:3      | 2709 ||| INVOKING Spit Poison.
  2747 | D:3      | 2747 ||| INVOKING Spit Poison.
  2748 | D:3      | 2748 ||| INVOKING Spit Poison.
  3019 | D:3      | 3019 ||| UPGRADING to +1 pair of gloves of hurling.
  3024 | D:3      | 3024 ||| UPGRADING to amulet of reflection.
  3029 | D:3      | 3029 ||| DROPPING ring of wizardry.
  3030 | D:3      | 3030 ||| READING scroll labelled XEITTIY RISOALL.
  3086 | D:4      | 3086 ||| INVOKING Spit Poison.
  3089 | D:4      | 3089 ||| Stepping ~*~*~tactically~*~*~ (outnumbered).
  3093 | D:4      | 3093 ||| INVOKING Spit Poison.
  3094 | D:4      | 3094 ||| INVOKING Spit Poison.
  3098 | D:4      | 3098 ||| INVOKING Spit Poison.
  3130 | D:4      | 3130 ||| INVOKING Spit Poison.
  3154 | D:4      | 3154 ||| INVOKING Spit Poison.
  3155 | D:4      | Found Ejairph's Armour Shop.
  3158 | D:4      | 3158 ||| INVOKING Spit Poison.
  3161 | D:4      | Reached XP level 7. HP: 76/76 MP: 7/7
  3164 | D:4      | 3164 ||| BUYING +0 cloak (63 gold).
  3164 | D:4      | Bought a +0 cloak for 63 gold pieces
  3211 | D:4      | 3211 ||| INVOKING Spit Poison.
  3227 | D:4      | 3227 ||| INVOKING Spit Poison.
  3237 | D:4      | 3237 ||| INVOKING Spit Poison.
  3238 | D:4      | Reached skill level 1 in Armour
  3369 | D:4      | 3369 ||| INVOKING Spit Poison.
  3453 | D:4      | 3453 ||| INVOKING Spit Poison.
  3478 | D:4      | Reached * piety under Okawaru
  3537 | D:4      | Noticed Duvessa
  3537 | D:4      | Noticed Dowan
  3538 | D:4      | 3538 ||| INVOKING Heroism.
  3539 | D:4      | 3539 ||| INVOKING Spit Poison.
  3546 | D:4      | 3546 ||| INVOKING Spit Poison.
  3549 | D:4      | Killed Duvessa
  3550 | D:4      | Killed Dowan
  3551 | D:4      | Reached skill level 3 in Dodging
  3650 | D:4      | 3650 ||| INVOKING Spit Poison.
  3753 | D:4      | 3753 ||| UPGRADING to +0 cloak.
  3758 | D:4      | 3758 ||| DROPPING +1 pair of gloves.
  3759 | D:4      | 3759 ||| DROPPING +6 ring of intelligence.
  3760 | D:4      | 3760 ||| READING 4 scrolls of identify.
  3760 | D:4      | 3760 ||| IDENTIFYING lumpy amethyst potion
  3761 | D:4      | 3761 ||| READING 3 scrolls of identify.
  3761 | D:4      | 3761 ||| IDENTIFYING ruby potion
  3762 | D:4      | 3762 ||| READING 2 scrolls of identify.
  3762 | D:4      | 3762 ||| IDENTIFYING murky ruby potion
  3763 | D:4      | 3763 ||| DROPPING potion of attraction.
  3764 | D:4      | 3764 ||| DROPPING potion of degeneration.
  3783 | D:5      | Entered Level 5 of the Dungeon
  3829 | D:5      | 3829 ||| INVOKING Spit Poison.
  3837 | D:5      | 3837 ||| INVOKING Spit Poison.
  3840 | D:5      | 3840 ||| INVOKING Heroism.
  3842 | D:5      | Reached XP level 8. HP: 59/85 MP: 5/8
  3846 | D:5      | 3846 ||| INVOKING Spit Poison.
  3866 | D:5      | Reached skill level 1 in Invocations
  3866 | D:5      | 3866 ||| INVOKING Spit Poison.
  3872 | D:5      | 3872 ||| INVOKING Spit Poison.
  3886 | D:5      | 3886 ||| INVOKING Spit Poison.
  3887 | D:5      | 3887 ||| INVOKING Spit Poison.
  3960 | D:5      | 3960 ||| INVOKING Heroism.
  3977 | D:5      | 3977 ||| INVOKING Heroism.
  3978 | D:5      | 3978 ||| INVOKING Heroism.
  4000 | D:5      | 4000 ||| INVOKING Spit Poison.
  4006 | D:5      | 4006 ||| INVOKING Heroism.
  4007 | D:5      | 4007 ||| INVOKING Spit Poison.
  4028 | D:5      | 4028 ||| INVOKING Spit Poison.
  4034 | D:5      | Noticed Pikel
  4035 | D:5      | 4035 ||| INVOKING Heroism.
  4036 | D:5      | 4036 ||| INVOKING Spit Poison.
  4041 | D:5      | 4041 ||| INVOKING Spit Poison.
  4042 | D:5      | Killed Pikel
  4043 | D:5      | Reached skill level 3 in Invocations
  4043 | D:5      | Reached XP level 9. HP: 78/92 MP: 7/11
  4045 | D:5      | 4045 ||| INVOKING Spit Poison.
  4052 | D:5      | 4052 ||| INVOKING Spit Poison.
  4055 | D:5      | Reached ** piety under Okawaru
  4187 | D:5      | 4187 ||| INVOKING Heroism.
  4188 | D:5      | 4188 ||| INVOKING Spit Poison.
  4193 | D:5      | Reached skill level 11 in Ranged Weapons
  4276 | D:5      | 4276 ||| INVOKING Heroism.
  4277 | D:5      | 4277 ||| INVOKING Spit Poison.
  4281 | D:5      | 4281 ||| INVOKING Spit Poison.
  4611 | D:5      | 4611 ||| UPGRADING to scarf of resistance.
  4621 | D:5      | 4621 ||| DROPPING amulet of guardian spirit.
  4622 | D:5      | 4622 ||| READING scroll labelled YHEZ LUILIZITAURGH.
  4625 | D:5      | 4625 ||| READING 3 scrolls of identify.
  4625 | D:5      | 4625 ||| IDENTIFYING amethyst potion
  4673 | D:6      | 4673 ||| INVOKING Spit Poison.
  4674 | D:6      | 4674 ||| INVOKING Heroism.
  4777 | D:6      | 4777 ||| SWAPPING to +0 orcbow.
  4779 | D:6      | 4779 ||| DROPPING +1 shortbow of freezing.
  4794 | D:6      | 4794 ||| INVOKING Heroism.
  4796 | D:6      | 4796 ||| INVOKING Spit Poison.
  4798 | D:6      | Noticed Eustachio
  4804 | D:6      | 4804 ||| INVOKING Spit Poison.
  4813 | D:6      | 4813 ||| INVOKING Heroism.
  4814 | D:6      | 4814 ||| INVOKING Spit Poison.
  4815 | D:6      | Killed Eustachio
  4954 | D:6      | 4954 ||| INVOKING Heroism.
  4955 | D:6      | 4955 ||| INVOKING Spit Poison.
  4958 | D:6      | 4958 ||| Stepping ~*~*~tactically~*~*~ (outnumbered).
  4959 | D:6      | 4959 ||| INVOKING Spit Poison.
  4963 | D:6      | 4963 ||| INVOKING Spit Poison.
  5012 | D:6      | 5012 ||| INVOKING Spit Poison.
  5017 | D:6      | 5017 ||| INVOKING Spit Poison.
  5020 | D:6      | 5020 ||| INVOKING Spit Poison.
  5124 | D:6      | 5124 ||| INVOKING Spit Poison.
  5255 | D:6      | 5255 ||| INVOKING Spit Poison.
  5259 | D:6      | 5259 ||| INVOKING Spit Poison.
  5392 | D:6      | Found a staircase to the Ecumenical Temple.
  5421 | D:6      | 5421 ||| INVOKING Heroism.
  5422 | D:6      | 5422 ||| INVOKING Spit Poison.
  5422 | D:6      | Noticed Edmund
  5426 | D:6      | 5426 ||| INVOKING Spit Poison.
  5434 | D:6      | 5434 ||| INVOKING Spit Poison.
  5435 | D:6      | 5435 ||| INVOKING Heroism.
  5438 | D:6      | 5438 ||| INVOKING Spit Poison.
  5439 | D:6      | Killed Edmund
  5478 | D:6      | Reached XP level 10. HP: 99/99 MP: 13/13
  5525 | D:6      | 5525 ||| READING scroll of enchant weapon.
  5525 | D:6      | 5525 ||| ENCHANTING +0 orcbow.
  5596 | D:6      | Noticed Sigmund
  5597 | D:6      | 5597 ||| INVOKING Spit Poison.
  5600 | D:6      | 5600 ||| INVOKING Spit Poison.
  5601 | D:6      | Killed Sigmund
  5660 | D:6      | 5660 ||| INVOKING Heroism.
  5664 | D:6      | 5664 ||| INVOKING Spit Poison.
  5742 | D:6      | 5742 ||| UPGRADING to +1 robe of the Archmagi.
  5752 | D:6      | 5752 ||| DROPPING +0 leather armour.
  5753 | D:6      | 5753 ||| DROPPING ring of positive energy.
  5754 | D:6      | 5754 ||| UPGRADING to +4 ring of protection.
  5756 | D:6      | 5756 ||| READING 4 scrolls of identify.
  5756 | D:6      | 5756 ||| IDENTIFYING fuming golden potion
  5778 | D:7      | 5778 ||| PLANNING OSSUARY
  5835 | D:7      | 5835 ||| INVOKING Spit Poison.
  5841 | D:7      | 5841 ||| INVOKING Spit Poison.
  5846 | D:7      | 5846 ||| INVOKING Spit Poison.
  5853 | D:7      | 5853 ||| INVOKING Spit Poison.
  5859 | D:7      | 5859 ||| INVOKING Heroism.
  6095 | D:7      | 6095 ||| INVOKING Spit Poison.
  6099 | D:7      | 6099 ||| INVOKING Spit Poison.
  6114 | D:7      | 6114 ||| READING scroll of enchant armour.
  6114 | D:7      | 6114 ||| ENCHANTING +1 pair of gloves of hurling.
  6123 | D:7      | Found a snail-covered altar of Cheibriados.
  6158 | D:7      | 6158 ||| INVOKING Spit Poison.
  6160 | D:7      | Reached skill level 12 in Ranged Weapons
  6180 | D:7      | Found a white marble altar of Elyvilon.
  6213 | D:7      | 6213 ||| INVOKING Spit Poison.
  6220 | D:7      | 6220 ||| INVOKING Spit Poison.
  6228 | D:7      | 6228 ||| INVOKING Spit Poison.
  6235 | D:7      | 6235 ||| INVOKING Spit Poison.
  6239 | D:7      | 6239 ||| INVOKING Spit Poison.
  6243 | D:7      | 6243 ||| INVOKING Spit Poison.
  6256 | D:7      | 6256 ||| INVOKING Heroism.
  6257 | D:7      | 6257 ||| INVOKING Spit Poison.
  6342 | D:7      | 6342 ||| RIP OSSUARY
  6380 | D:7      | Found an opulent altar of Gozag.
  6381 | D:7      | 6381 ||| PLANNING D:1-11
  6411 | D:7      | Noticed a cyclops
  6412 | D:7      | 6412 ||| INVOKING Heroism.
  6413 | D:7      | 6413 ||| INVOKING Spit Poison.
  6420 | D:7      | 6420 ||| INVOKING Spit Poison.
  6420 | D:7      | Killed a cyclops
  6474 | D:7      | 6474 ||| INVOKING Spit Poison.
  6946 | D:8      | 6946 ||| Stepping ~*~*~tactically~*~*~ (outnumbered).
  6949 | D:8      | 6949 ||| Stepping ~*~*~tactically~*~*~ (outnumbered).
  7010 | D:8      | 7010 ||| INVOKING Spit Poison.
  7018 | D:8      | 7018 ||| INVOKING Spit Poison.
  7020 | D:8      | 7020 ||| DRINKING potion of curing.
  7020 | D:8      | 7020 ||| (to cure confusion)
  7064 | D:8      | 7064 ||| INVOKING Heroism.
  7212 | D:8      | 7212 ||| INVOKING Heroism.
  7213 | D:8      | 7213 ||| INVOKING Spit Poison.
  7218 | D:8      | 7218 ||| Stepping ~*~*~tactically~*~*~ (outnumbered).
  7219 | D:8      | 7219 ||| INVOKING Spit Poison.
  7226 | D:8      | 7226 ||| INVOKING Spit Poison.
  7233 | D:8      | 7233 ||| INVOKING Spit Poison.
  7237 | D:8      | 7237 ||| INVOKING Heroism.
  7240 | D:8      | 7240 ||| INVOKING Spit Poison.
  7250 | D:8      | 7250 ||| INVOKING Spit Poison.
  7257 | D:8      | 7257 ||| INVOKING Spit Poison.
  7261 | D:8      | 7261 ||| INVOKING Spit Poison.
  7268 | D:8      | 7268 ||| INVOKING Spit Poison.
  7302 | D:8      | 7302 ||| Stepping ~*~*~tactically~*~*~ (outnumbered).
  7304 | D:8      | 7304 ||| Stepping ~*~*~tactically~*~*~ (outnumbered).
  7306 | D:8      | 7306 ||| Stepping ~*~*~tactically~*~*~ (outnumbered).
  7307 | D:8      | 7307 ||| INVOKING Spit Poison.
  7314 | D:8      | 7314 ||| INVOKING Spit Poison.
  7328 | D:8      | 7328 ||| INVOKING Heroism.
  7329 | D:8      | 7329 ||| INVOKING Spit Poison.
  7336 | D:8      | 7336 ||| INVOKING Spit Poison.
  7338 | D:8      | Noticed a deep elf pyromancer
  7342 | D:8      | Killed a deep elf pyromancer
  7342 | D:8      | Reached *** piety under Okawaru
  7343 | D:8      | Reached XP level 11. HP: 100/106 MP: 12/14
  7402 | D:8      | 7402 ||| Stepping ~*~*~tactically~*~*~ (outnumbered).
  7404 | D:8      | 7404 ||| Stepping ~*~*~tactically~*~*~ (outnumbered).
  7405 | D:8      | 7405 ||| INVOKING Spit Poison.
  7414 | D:8      | 7414 ||| INVOKING Spit Poison.
  7587 | D:8      | 7587 ||| INVOKING Spit Poison.
  7589 | D:8      | 7589 ||| Stepping ~*~*~tactically~*~*~ (outnumbered).
  7590 | D:8      | 7590 ||| INVOKING Spit Poison.
  7594 | D:8      | 7594 ||| INVOKING Spit Poison.
  7598 | D:8      | Reached skill level 13 in Ranged Weapons
  7753 | D:8      | 7753 ||| UPGRADING to +0 steam dragon scales.
  7763 | D:8      | 7763 ||| DROPPING +1 robe of the Archmagi.
  7764 | D:8      | 7764 ||| READING scroll labelled ANATEN VARICAL.
  7783 | D:9      | 7783 ||| INVOKING Heroism.
  7784 | D:9      | 7784 ||| INVOKING Spit Poison.
  7788 | D:9      | 7788 ||| INVOKING Spit Poison.
  7792 | D:9      | 7792 ||| INVOKING Spit Poison.
  7797 | D:9      | 7797 ||| INVOKING Heroism.
  7802 | D:9      | 7802 ||| INVOKING Spit Poison.
  7814 | D:9      | 7814 ||| INVOKING Spit Poison.
  7824 | D:9      | 7824 ||| INVOKING Spit Poison.
  7866 | D:9      | 7866 ||| INVOKING Spit Poison.
  7867 | D:9      | 7867 ||| DRINKING potion of curing.
  7867 | D:9      | 7867 ||| (to cure confusion)
  7895 | D:9      | Found a staircase to the Orcish Mines.
  7897 | D:9      | 7897 ||| INVOKING Heroism.
  7899 | D:9      | 7899 ||| INVOKING Spit Poison.
  7906 | D:9      | 7906 ||| INVOKING Spit Poison.
  7915 | D:9      | 7915 ||| INVOKING Spit Poison.
  7918 | D:9      | 7918 ||| INVOKING Spit Poison.
  7922 | D:9      | 7922 ||| INVOKING Heroism.
  7945 | D:9      | 7945 ||| INVOKING Heroism.
  7946 | D:9      | 7946 ||| INVOKING Spit Poison.
  7954 | D:9      | 7954 ||| INVOKING Spit Poison.
  7958 | D:9      | 7958 ||| INVOKING Spit Poison.
  7959 | D:9      | 7959 ||| Stepping ~*~*~tactically~*~*~ (outnumbered).
  7964 | D:9      | 7964 ||| INVOKING Spit Poison.
  7969 | D:9      | 7969 ||| INVOKING Spit Poison.
  7970 | D:9      | 7970 ||| Stepping ~*~*~tactically~*~*~ (outnumbered).
  7971 | D:9      | 7971 ||| Stepping ~*~*~tactically~*~*~ (outnumbered).
  7972 | D:9      | 7972 ||| Stepping ~*~*~tactically~*~*~ (outnumbered).
  7974 | D:9      | 7974 ||| INVOKING Spit Poison.
  7980 | D:9      | 7980 ||| INVOKING Heroism.
  7981 | D:9      | 7981 ||| INVOKING Spit Poison.
  7982 | D:9      | 7982 ||| INVOKING Spit Poison.
  8021 | D:9      | 8021 ||| INVOKING Spit Poison.
  8047 | D:9      | 8047 ||| INVOKING Spit Poison.
  8052 | D:9      | 8052 ||| INVOKING Spit Poison.
  8057 | D:9      | Reached skill level 6 in Dodging
  8061 | D:9      | 8061 ||| INVOKING Spit Poison.
  8104 | D:9      | 8104 ||| INVOKING Spit Poison.
  8111 | D:9      | 8111 ||| INVOKING Spit Poison.
  8239 | D:9      | 8239 ||| INVOKING Spit Poison.
  8250 | D:9      | Found a hide-covered altar of Uskayaw.
  8363 | D:9      | Found a broken altar of Ashenzari.
  8563 | D:9      | 8563 ||| READING scroll labelled SEEPIE OMIU.
  8590 | D:10     | Entered Level 10 of the Dungeon
  8595 | D:10     | 8595 ||| INVOKING Spit Poison.
  8600 | D:10     | 8600 ||| INVOKING Spit Poison.
  8606 | D:10     | 8606 ||| INVOKING Spit Poison.
  8610 | D:10     | 8610 ||| INVOKING Spit Poison.
  8619 | D:10     | 8619 ||| INVOKING Spit Poison.
  8620 | D:10     | 8620 ||| INVOKING Heroism.
  8626 | D:10     | 8626 ||| INVOKING Spit Poison.
  8632 | D:10     | 8632 ||| INVOKING Spit Poison.
  8633 | D:10     | HP: 26/106 [yak (6)]
  8634 | D:10     | 8634 ||| READING scroll of teleportation.
  8636 | D:10     | 8636 ||| INVOKING Spit Poison.
  8865 | D:10     | Noticed a death yak
  8865 | D:10     | Noticed a death yak
  8866 | D:10     | 8866 ||| INVOKING Heroism.
  8867 | D:10     | 8867 ||| INVOKING Spit Poison.
  8873 | D:10     | 8873 ||| INVOKING Spit Poison.
  8875 | D:10     | Killed a death yak
  8879 | D:10     | 8879 ||| INVOKING Spit Poison.
  8879 | D:10     | Noticed a death yak
  8883 | D:10     | Killed a death yak
  8884 | D:10     | Reached skill level 14 in Ranged Weapons
  8886 | D:10     | 8886 ||| INVOKING Spit Poison.
  8889 | D:10     | 8889 ||| INVOKING Heroism.
  8890 | D:10     | 8890 ||| INVOKING Spit Poison.
  8899 | D:10     | 8899 ||| INVOKING Spit Poison.
  8903 | D:10     | HP: 26/106 [yak (7)]
  8905 | D:10     | 8905 ||| INVOKING Spit Poison.
  8907 | D:10     | Killed a death yak
  8907 | D:10     | Reached **** piety under Okawaru
  8908 | D:10     | Reached skill level 3 in Armour
  8910 | D:10     | HP: 9/106 [yak (11)]
  8912 | D:10     | 8912 ||| INVOKING Heroism.
  8915 | D:10     | 8915 ||| INVOKING Spit Poison.
  8954 | D:10     | 8954 ||| INVOKING Heroism.
  8957 | D:10     | 8957 ||| INVOKING Spit Poison.
  9188 | D:10     | Found a staircase to the Lair.
  9245 | D:10     | Identified the ring "Qosmul" {rPois Will+ rCorr MP+9 Dex-3}
  9310 | D:10     | 9310 ||| INVOKING Spit Poison.
  9314 | D:10     | 9314 ||| INVOKING Spit Poison.
  9320 | D:10     | 9320 ||| INVOKING Spit Poison.
  9324 | D:10     | 9324 ||| INVOKING Spit Poison.
  9325 | D:10     | 9325 ||| INVOKING Heroism.
  9473 | D:10     | Found an ornate altar of the Wu Jian Council.
  9574 | D:10     | 9574 ||| INVOKING Spit Poison.
  9762 | D:10     | 9762 ||| PLANNING LAIR
  9762 | D:10     | 9762 ||| UPGRADING to +0 troll leather armour.
  9772 | D:10     | 9772 ||| DROPPING +0 steam dragon scales.
  9773 | D:10     | 9773 ||| DROPPING ring "Qosmul" {rPois Will+ rCorr MP+9
                  | Dex-3}.
  9774 | D:10     | 9774 ||| DROPPING +6 ring of strength.
  9775 | D:10     | 9775 ||| DROPPING ring of ice.
  9776 | D:10     | 9776 ||| READING 6 scrolls of identify.
  9776 | D:10     | 9776 ||| IDENTIFYING grey potion
  9777 | D:10     | 9777 ||| READING 5 scrolls of identify.
  9777 | D:10     | 9777 ||| IDENTIFYING golden potion
  9778 | D:10     | 9778 ||| DROPPING potion of enlightenment.
  9779 | D:10     | 9779 ||| DROPPING potion of berserk rage.
  9821 | Lair:1   | Entered Level 1 of the Lair of Beasts
  9821 | Lair:1   | Noticed a death yak
  9821 | Lair:1   | Noticed a death yak
  9821 | Lair:1   | Noticed a death yak
  9821 | Lair:1   | Noticed a death yak
  9821 | Lair:1   | Noticed a death yak
  9821 | Lair:1   | Noticed a death yak
  9822 | Lair:1   | 9822 ||| INVOKING Heroism.
  9823 | Lair:1   | 9823 ||| INVOKING Spit Poison.
  9827 | Lair:1   | 9827 ||| INVOKING Spit Poison.
  9837 | Lair:1   | 9837 ||| INVOKING Spit Poison.
  9838 | Lair:1   | 9838 ||| STAIRDANCE
  9840 | D:10     | 9840 ||| INVOKING Heroism.
  9841 | D:10     | HP: 15/108 [death yak (23)]
  9842 | D:10     | Slain by a death yak

Levels and vault maps discovered:
D:1:      dpeg_arrival_water_temple_mockup, layout_basic,
          shapermc_ecumenical_altar_petra, hangedman_decor_growths
D:2:      layout_basic, uniq_crazy_yiuf_cottage, uniq_robin
D:3:      layout_basic, bloody_makhleb,
          chequers_temple_overflow_statue_of_worship, nicolae_ru_awakened_eye,
          mainiacjoe_overflow_catwalk, chequers_serial_rivers_large_a,
          minmay_goblin_outpost, uniq_terence, uniq_jessica
D:4:      dreamdust_elfheim, layout_loops_ring, serial_shops, shop, hex_large
D:5:      minmay_razor_zed, layout_rooms, uniq_pikel
D:6:      layout_cave_pods, minmay_temple_entry_butterflies,
          serial_column_ruins, column_ruins_grid_3, column_ruins_open_tiny,
          column_ruins_open_small, column_ruins_open_tiny, minmay_pentangle,
          uniq_sigmund, uniq_eustachio, uniq_edmund
D:7:      hangedman_cross_stitches, layout_basic, elyvilon_altar_3,
          mainiacjoe_overflow_paths, mainiacjoe_overflow_alcove_2,
          gup_ossuary_entry_pyramid, minmay_misc_feat_nine_boxes,
          grunt_ministairs_1
D:8:      layout_loops_ring, special_room [special_room_orc]
D:9:      layout_small_grid, mainiacjoe_overflow_surrounded_room,
          nicolae_uskayaw_suspiria, erik_orc_3, grunt_ministairs_2
D:10:     layout_cave_pools, kennysheep_mini, dpeg_lair_monsters,
          chequers_decorated_corner
Lair:1:   layout_loops_ring

Skill      XL: |  1  2  3  4  5  6  7  8  9 10 11 |
---------------+----------------------------------+-----
Ranged Weapons | 4 10 11 12 14 | 14.1
Fighting       | 9 10 | 10.0
Dodging        | 2 3 4 5 6 |  6.0
Armour         | 1 3 |  3.0
Invocations    | 3 4 |  4.4
Stealth        | |  1.5

Action                     |  1- 3 |  4- 6 |  7- 9 | 10-12 || total
---------------------------+-------+-------+-------+-------++-------
   Fire: Shortbow          |    38 |   108 |   141 |       ||   287
         Orcbow            |       |       |    65 |   475 ||   540
 Invoke: Heroism           |       |       |    14 |    22 ||    36
Ability: Spit Poison       |    13 |    35 |    41 |    90 ||   179
    Use: Scroll            |     5 |     6 |     5 |     8 ||    24
         Potion            |     1 |     2 |       |     2 ||     5
 Armour: Leather armour    |     1 |    14 |    21 |       ||    36
         Robe              |       |       |       |    26 ||    26
         Steam dragon scal |       |       |       |    41 ||    41
         Troll leather arm |       |       |       |     4 ||     4
  Dodge: Dodged            |     7 |    23 |    61 |   179 ||   270
  Block: Other             |       |     3 |    21 |    68 ||    92
         Reflection        |       |       |     2 |     5 ||     7

Table legend:
 A = Non-vault XP
 B = Vault XP
 C = Vault XP percentage of total XP
 D = Non-vault monster count
 E = Vault monster count
 F = Vault count percentage of total count
                 A         B        C        D         E       F
            +---------+---------+-------+---------+---------+-------
      Total |    9862 |    8241 |  45.5 |     189 |     106 |  35.9
            +---------+---------+-------+---------+---------+-------
        D:1 |      34 |       0 |   0.0 |      20 |       0 |   0.0
        D:2 |      66 |      28 |  29.8 |      15 |       8 |  34.8
        D:3 |     137 |      84 |  38.0 |      17 |       8 |  32.0
        D:4 |     291 |     204 |  41.2 |      25 |       2 |   7.4
        D:5 |     822 |    1331 |  61.8 |      13 |      10 |  43.5
        D:6 |    1273 |     696 |  35.3 |      21 |       5 |  19.2
        D:7 |     992 |    1109 |  52.8 |      14 |      13 |  48.1
        D:8 |    1773 |     494 |  21.8 |      29 |      25 |  46.3
        D:9 |    1146 |    1049 |  47.8 |      17 |      28 |  62.2
       D:10 |    2978 |    3246 |  52.2 |      17 |       7 |  29.2
     Lair:1 |     350 |       0 |   0.0 |       1 |       0 |   0.0
            +---------+---------+-------+---------+---------+-------
